Map: New Repugnancy LE

Players

RickyBoi

  • Race: Terran Terran
  • League: Master
  • Spawn Location: 1:00

Neuro - Winner!

  • Race: Zerg Zerg
  • League: Master
  • Spawn Location: 7:00

VOD

Have the link to the VOD?

Description

Time

  • Played on: June 1, 2019, 10:16 a.m.
  • Length: 14:43
Show
View Real Time Build Order
Export as new Build Order

RickyBoi Terran 

Build Orders: Reaper Expand, Hellion Banshee, Mech 

Get SALT Encoding   

  12  0:00  SCV  
  13  0:12  SCV  
  14  0:25  SCV  
  15  0:29  Supply Depot  
  15  0:48  Refinery  
  15  0:51  SCV  
  15  0:52  Barracks  
  16  1:03  SCV  
  17  1:15  SCV  
  18  1:27  SCV  
  19  1:39  Orbital Command  
  19  1:40  Reaper  
  20  1:49  Command Center  
  20  2:05  SCV, Supply Depot  
  20  2:08  Refinery  
  21  2:15  Factory  
  21  2:18  SCV  
  21  2:21  Marine  
  23  2:30  SCV  
  24  2:42  SCV  
  25  2:49  Barracks Reactor  
  25  2:54  SCV  
  26  3:01  Starport  
  26  3:03  Orbital Command  
  26  3:07  SCV  
  27  3:19  SCV  
  28  3:30  Hellion x2  
  28  3:31  SCV  
  33  3:34  Barracks Tech Lab  
  33  3:36  SCV  
  33  3:38  Starport Tech Lab  
  33  3:43  SCV  
  33  3:44  Supply Depot  
  34  3:48  SCV  
  34  3:55  SCV, Hellion x2  
  40  3:59  Cloaking Field  
  43  4:04  SCV  
  43  4:07  SCV, Supply Depot  
  45  4:14  Viking  
  45  4:16  SCV  
  45  4:19  SCV  
  45  4:22  Hellion x2  
  50  4:29  SCV  
  51  4:31  Command Center, SCV  
  52  4:41  SCV  
  52  4:42  Supply Depot  
  52  4:43  SCV  
  52  4:44  Banshee  
  57  4:49  Hellion  
  59  4:53  SCV  
  59  4:55  SCV  
  59  4:57  Refinery  
  59  4:59  Refinery  
  61  5:05  SCV  
  62  5:08  SCV, Armory  
  63  5:15  Supply Depot, Hellion x2  
  63  5:18  SCV  
  63  5:20  SCV  
  69  5:25  Supply Depot  
  69  5:30  SCV  
  69  5:32  SCV  
  69  5:35  Factory  
  70  5:36  Banshee  
  70  5:39  Factory  
  70  5:40  Barracks Tech Lab  
  73  5:44  Hellion  
  73  5:48  SCV x2  
  77  5:58  Terran Vehicle Weapons Level 1  
  77  6:01  Engineering Bay, SCV x2  
  80  6:11  Orbital Command  
  80  6:13  SCV  
  80  6:19  Banshee  
  80  6:22  SCV, Factory  
  80  6:23  Factory  
  84  6:27  Barracks Reactor  
  81  6:34  SCV  
  81  6:35  SCV  
  81  6:36  Refinery  
  81  6:38  Siege Tank x2  
  89  6:41  Refinery  
  89  6:43  SCV  
  89  6:46  SCV  
  91  6:52  SCV  
  92  6:56  SCV  
  92  6:58  SCV, Supply Depot  
  94  7:02  Banshee  
  94  7:04  Supply Depot  
  94  7:05  Supply Depot  
  94  7:07  Supply Depot  
  97  7:12  Siege Tank x2  
  97  7:13  Hellion x2  
  97  7:15  SCV x2  
  101  7:20  SCV  
  102  7:26  Armory  
  102  7:27  Missile Turret, SCV x2  
  104  7:32  SCV  
  105  7:38  Hellion x2  
  105  7:39  Hellion x2  
  113  7:44  Banshee  
  113  7:51  Siege Tank x2, Factory Tech Lab  
  122  8:04  Supply Depot x2  
  122  8:05  Supply Depot  
  122  8:11  Siege Tank  
  125  8:16  Sensor Tower, SCV x3  
  125  8:18  Sensor Tower, Hellion  
  130  8:23  Siege Tank  
  130  8:26  Missile Turret, Siege Tank  
  136  8:28  Terran Vehicle And Ship Armor Level 1  
  136  8:41  Banshee  
  136  8:44  Command Center  
  139  8:54  Thor  
  139  8:55  Thor  
  151  8:58  Missile Turret  
  151  9:01  Missile Turret x2  
  151  9:05  Cyclone, Hellion  
  151  9:08  Terran Vehicle Weapons Level 2  
  156  9:22  Starport  
  156  9:23  Supply Depot  
  156  9:24  Supply Depot x2  
  156  9:39  Supply Depot x2  
  156  9:44  Banshee  
  156  9:45  Cyclone  
  162  9:54  Factory  
  162  9:55  Factory  
  162  9:56  Siege Tank x2  
  162  9:57  Hellion x2  
  172  10:14  Refinery  
  172  10:16  Refinery  
  172  10:17  Siege Tank  
  175  10:26  Starport Reactor, Starport Tech Lab  
  175  10:29  Siege Tank x2  
  175  10:30  Starport  
  175  10:49  Siege Tank  
  137  10:54  Factory Tech Lab  
  137  10:56  Factory Tech Lab  
  103  11:01  Siege Tank x2  
  103  11:02  Hellion x4  
  115  11:05  Planetary Fortress  
  112  11:20  Siege Tank x2  
  112  11:21  Banshee, Siege Tank  
  112  11:23  Hellion  
  123  11:28  SCV x2  
  123  11:31  Liberator x3  
  125  11:33  Siege Tank  
  125  11:39  Hellion x2  
  132  11:47  Liberator  
  141  12:01  Command Center  
  141  12:08  Siege Tank  
  147  12:14  Siege Tank  
  150  12:17  Hellion x2  
  150  12:18  Hellion x3  
  128  12:30  Siege Tank  
  128  12:31  Viking x3  
  117  12:44  Liberator x2  
  111  12:47  Viking  
  99  12:51  Siege Tank x3  
  99  12:52  Hellion x5  
  112  13:00  SCV x3  
  112  13:01  SCV  
  111  13:10  Siege Tank  
  112  13:12  SCV  
  112  13:13  SCV, Siege Tank, Hellion x2  
  116  13:24  Siege Tank x2  
  116  13:25  Hellion x2  
  116  13:26  SCV x2  
  110  13:37  SCV x2  
  110  13:38  SCV x2  
  110  13:39  Siege Tank  
  111  13:46  Siege Tank  
  114  14:02  Viking x3  
  120  14:06  Viking  
  122  14:12  Refinery  
Show
View Real Time Build Order
Export as new Build Order

Neuro Zerg - Winner!

Build Orders: Hatch First 

Get SALT Encoding   

  12  0:03  Drone  
  13  0:12  Overlord  
  13  0:17  Drone  
  14  0:31  Drone x2  
  16  0:49  Hatchery  
  15  0:51  Drone  
  15  0:55  Drone  
  17  0:59  Drone  
  18  1:09  Extractor  
  17  1:16  Spawning Pool  
  17  1:18  Drone  
  17  1:21  Drone  
  18  1:29  Drone  
  19  1:41  Overlord  
  19  1:51  Drone  
  20  2:03  Queen x2  
  20  2:04  Zergling x4  
  26  2:10  Metabolic Boost  
  26  2:13  Drone  
  26  2:14  Drone  
  28  2:23  Drone x2  
  30  2:36  Overlord  
  30  2:40  Spore Crawler  
  30  2:43  Spore Crawler  
  28  2:50  Drone  
  28  2:51  Drone x2  
  33  2:55  Queen x2  
  37  3:02  Overlord  
  37  3:03  Drone  
  38  3:08  Drone x2  
  40  3:17  Overlord  
  40  3:18  Drone  
  41  3:28  Drone x4  
  45  3:39  Drone x2  
  47  3:42  Lair  
  47  3:43  Drone  
  47  3:44  Hatchery  
  47  3:50  Roach Warren, Drone x2  
  50  3:55  Drone x3  
  51  4:07  Overlord  
  51  4:09  Drone x3  
  54  4:11  Extractor x2  
  54  4:14  Overlord  
  54  4:15  Overlord x2  
  52  4:26  Spore Crawler  
  52  4:30  Queen  
  52  4:31  Spore Crawler  
  52  4:33  Roach x3  
  58  4:41  Overlord  
  58  4:43  Glial Reconstitution  
  58  4:45  Drone x4  
  62  4:49  Roach  
  62  4:52  Overseer  
  64  4:59  Queen  
  66  5:00  Drone x3  
  66  5:04  Evolution Chamber  
  68  5:12  Roach x3  
  74  5:18  Roach  
  74  5:19  Roach x2  
  74  5:20  Drone x2  
  82  5:22  Drone  
  83  5:31  Roach x4  
  83  5:34  Spore Crawler  
  90  5:40  Overlord  
  90  5:41  Drone x3  
  93  5:47  Drone x5  
  98  5:52  Zerg Ground Armor Level 1  
  98  5:57  Overlord  
  98  6:03  Extractor  
  97  6:12  Roach x4  
  105  6:20  Overlord x2  
  105  6:26  Drone x3  
  105  6:28  Roach x3  
  105  6:29  Overlord  
  105  6:30  Overlord x3  
  105  6:32  Pneumatized Carapace  
  114  6:35  Overseer  
  113  6:41  Drone x6  
  119  6:50  Drone x2, Evolution Chamber  
  119  6:51  Drone x4  
  124  7:02  Hatchery  
  124  7:04  Roach x4  
  124  7:08  Extractor x2  
  130  7:10  Roach  
  130  7:11  Roach x2  
  135  7:19  Roach x5  
  135  7:21  Zerg Missile Weapons Level 1  
  145  7:26  Infestation Pit  
  144  7:37  Roach x7  
  144  7:38  Roach  
  144  7:39  Overlord  
  160  7:48  Zerg Ground Armor Level 2  
  160  7:54  Burrow  
  160  7:57  Overseer  
  160  8:03  Ravager x2  
  162  8:06  Overlord x2  
  162  8:10  Zergling x16  
  162  8:12  Pathogen Glands  
  170  8:13  Overlord x3  
  170  8:19  Drone x5  
  175  8:30  Drone x5  
  180  8:45  Infestor  
  180  8:46  Infestor x2  
  186  8:52  Extractor  
  186  8:53  Spine Crawler, Drone x4  
  186  8:54  Extractor, Spine Crawler  
  186  8:56  Drone x2  
  188  9:06  Infestor x3  
  194  9:14  Zergling x12  
  194  9:15  Neural Parasite  
  200  9:19  Hatchery  
  198  9:38  Overseer  
  198  9:43  Hive, Zerg Missile Weapons Level 2  
  198  9:52  Ravager x2  
  199  10:14  Infestor  
  199  10:15  Infestor  
  199  10:16  Infestor  
  198  10:24  Ravager x2  
  198  10:27  Spire  
  187  10:46  Roach  
  187  10:47  Roach x14  
  191  10:54  Infestor x6  
  191  10:56  Queen  
  191  10:57  Queen  
  181  11:02  Roach x7  
  193  11:07  Zergling x22  
  193  11:10  Zergling x6  
  179  11:23  Queen x2  
  179  11:24  Queen  
  171  11:26  Infestor  
  171  11:27  Infestor x2  
  177  11:39  Queen  
  179  11:40  Greater Spire  
  179  11:42  Overseer  
  179  11:44  Overseer  
  179  11:49  Hydralisk Den  
  179  11:50  Extractor  
  179  11:51  Extractor  
  176  11:56  Spore Crawler  
  176  11:57  Spore Crawler  
  174  12:04  Spore Crawler x2, Ravager x5  
  174  12:05  Spine Crawler, Ravager  
  179  12:15  Roach  
  179  12:16  Zergling x20, Roach x4  
  152  12:37  Roach x8  
  152  12:38  Roach x7  
  157  13:05  Roach x16  
  154  13:27  Roach x19  
  154  13:28  Roach x3  
  154  13:33  Overseer x3  
  180  13:52  Ravager  
  180  13:53  Ravager  
  176  13:57  Hydralisk x11  
Tags
 
Add a new tag
Caveats
  • Supply blocks, unpowered buildings, or Contaminate may cause inaccurate times.
  • Supply counts are checked every 10 seconds.